 Dungeon Crawl Stone Soup version 0.30-a0-393-g54b8e3be05 (webtiles) character file.

Game seed: 3690226249801521416

614 ytrimaz the Magician (level 7, 0/50 HPs)
             Began as a Djinni Warper on Dec 5, 2022.
             Slain by an iguana (6 damage)
             ... on level 4 of the Dungeon.
             The game lasted 00:08:22 (4263 turns).

ytrimaz the Magician (Djinni Warper)                Turns: 4263, Time: 00:08:23

Health: 0/50       AC: 12    Str: 10    XL:     7   Next: 73%
Gold:   142        EV: 12    Int: 16    God:
                   SH:  0    Dex: 18

rFire   + + .      SeeInvis .    a - +1 hand axe (protect)
rCold   x . .      Faith    .    (no shield)
rNeg    . . .      Spirit   .    b - +0 leather armour
rPois   ∞          Reflect  .    (no helmet)
rElec   .          Harm     .    (no cloak)
rCorr   +          Rampage  .    f - +1 pair of gloves
Will    .....                    (boots unavailable)
Stlth   +.........               (no amulet)
HPRegen 0.28/turn                g - ring "Jaefuck" {Wiz rCorr Dex+5}
MPRegen 0.00/turn                (no ring)

@: under a protective aura, flying
A: sickness immunity, fire resistance 2, cold vulnerability 1, float, innate
caster, HP casting, extra vitality 1
a: no special abilities


You were on level 4 of the Dungeon.
You visited 1 branch of the dungeon, and saw 5 of its levels.
You also visited: Sewer.

You collected 142 gold pieces.


Innate Abilities, Weirdness & Mutations

You are immune to sickness and miasma.
You are immune to poison.
Your flesh is very heat resistant. (rF++)
You are vulnerable to cold. (rC-)
You float through the air rather than walking.
You learn spells naturally, not from books.
Your magical power is your life essence.
You have superior vitality. (+4 MHP)


   Skills:
 - Level 3.2 Fighting
 + Level 4.1 Axes
 - Level 0.7 Throwing
 - Level 3.0 Armour
 - Level 2.1 Dodging
 + Level 4.3 Spellcasting


You couldn't memorise any spells.
You knew the following spells:

 Your Spells              Type           Power      Damage    Failure   Level
a - Blink                 Tloc           34%        N/A       2%          2
b - Lesser Beckoning      Tloc           34%        N/A       4%          3
c - Vhi's Electric Charg  Tloc/Air       34%        N/A       4%          3
d - Teleport Other        Tloc           17%        N/A       4%          3
e - Manifold Assault      Tloc           17%        N/A       14%         4
f - Summon Small Mammal   Summ           68%        N/A       1%          1
g - Scorch                Fire           34%        2d6       2%          2
h - Confusing Touch       Hex            17%        N/A       4%          3
Your spell library was empty.

Inventory:

Hand Weapons
 a - a +1 hand axe of protection (weapon)
Missiles
 d - 4 boomerangs of dispersal
 e - 5 boomerangs
Armour
 b - a +0 leather armour (worn)
 f - a +1 pair of gloves (worn)
   (You found it on level 1 of the Dungeon)
Jewellery
 g - the ring "Jaefuck" (left hand) {Wiz rCorr Dex+5}
   (You acquired it on level 3 of the Dungeon)

   [ring of wizardry]

   It improves your spell success rate.
   Dex:       It affects your dexterity (+5).
   rCorr:     It protects you from acid and corrosion.
Wands
 j - a wand of quicksilver (10)
   (You found it on level 4 of the Dungeon)
Scrolls
 c - a scroll of blinking
 s - a scroll of poison
 t - a scroll of fear
 v - a scroll of amnesia {unknown}
Potions
 h - a potion of invisibility {unknown}
 i - 2 potions of cancellation
 k - a potion of brilliance
 l - a potion of mutation {unknown}
 m - 3 potions of haste
 n - 2 potions of attraction
 o - a potion of degeneration {unknown}
 p - a potion of magic {unknown}
 q - a potion of experience {unknown}
 r - a potion of flight {unknown}
 u - a potion of heal wounds

Dungeon Overview and Level Annotations

Branches:
Dungeon (5/15) Zot: 26672   Sewer (visited)
 Temple: D:4-7

Altars:

###.####.##########....
##.....................#
##.....##.#####.####..#.#
##.......#.# ##<####.....
#..........# #........###
#..........# #..####..# #
#..........## #..####..###
##....###...###...).......
#####.(...# #@#.>.....###.####
#......#..###.l.###.#.# #.#
#.###.###......####.#.###.####
#.# #(........................
#.# #).##.#..######.#..##...##
#.# #..##.#.......#.#..##...#
#.# #..##.##.####...........#
#.# #).##.##.# ###.#..##.g.#
#.# #..##.##.# #[#..###.##


You could see an iguana.


Message History

You slash the hound! The hound bites you but does no damage.
The hound closely misses you.
Unknown command.
You barely miss the hound.
A scorpion comes into view.
The hound barely misses you. x2
You hit the hound.
An ogre comes into view. It is wielding a +0 giant spiked club.
The hound bites you.
An orc priest comes into view. It is wielding a +0 hand axe. 😕 HP[-2]
You take 2 damage, and now have 48/50 hp.
The ogre shouts!
You hit the hound. The hound bites you but does no damage.
The hound barely misses you.
Unknown command.
You barely miss the hound. You hit the iguana but do no damage.
You closely miss the orc. The hound bites you but does no damage.
The orc barely misses you. The iguana bites you.
An orc comes into view. It is wielding a +0 hand axe.
The hound completely misses you. 😕 HP[-3]
You take 3 damage, and now have 45/50 hp.
The orc attacks as you move away! The orc hits you but does no damage.
The hound attacks as you move away! The hound bites you but does no damage.
The orc shouts!
The iguana bites you but does no damage.
The iguana barely misses you. The hound misses you.
The hound attacks as you move away! The hound completely misses you.
The iguana attacks as you move away! The iguana closely misses you. 😕 HP[+1]
The hound attacks as you move away! The hound bites you but does no damage.
The iguana attacks as you move away! The iguana bites you.
The hound bites you but does no damage. 😕 HP[-2]
You take 2 damage, and now have 44/50 hp.
The hound attacks as you move away! The hound barely misses you.
The iguana attacks as you move away! The iguana bites you.
The hound barely misses you. 😕 HP[-1]
You take 1 damage, and now have 43/50 hp. 😕 HP[+1]
The orc priest miscasts a cantrip.
The hound bites you. 😕 HP[-1]
You take 1 damage, and now have 43/50 hp.
The hound bites you.
There is a stone staircase leading up here. 😕 HP[-1]
You take 1 damage, and now have 42/50 hp.
The hound bites you but does no damage. The iguana completely misses you.
You fly upwards.
There is a stone staircase leading down here.
Unknown command.
You hit the hound.
Your weapon exudes an aura of protection.
You kill the hound!
You closely miss the iguana. The iguana bites you.
You hit the iguana but do no damage. The iguana barely misses you.
Unknown command.
You closely miss the iguana. The iguana bites you. 😕 HP[-4]
You take 4 damage, and now have 38/50 hp.
You slash the iguana! The iguana bites you. 😮 HP[-4]
You take 4 damage, and now have 34/50 hp.
You barely miss the iguana. The iguana bites you!
* * * LOW HITPOINT WARNING * * *
😨 HP[-10]
You take 10 damage, and now have 24/50 hp.
You barely miss the iguana. The iguana barely misses you.
You closely miss the iguana. The iguana bites you.
* * * LOW HITPOINT WARNING * * *
😨 HP[-5]
You take 5 damage, and now have 19/50 hp.
You closely miss the iguana. The iguana misses you. 😨 HP[+1]
You barely miss the iguana. The iguana barely misses you. The iguana bites you!
* * * LOW HITPOINT WARNING * * *
😱 HP[-9]
You take 9 damage, and now have 11/50 hp.
You hit the iguana.
Your weapon exudes an aura of protection.
The iguana bites you but does no damage.
You hit the iguana but do no damage.
The iguana closely misses you. 😱 HP[+1] Unknown command.
You hit the iguana.
The iguana bites you but does no damage.
You closely miss the iguana. The iguana bites you.
* * * LOW HITPOINT WARNING * * *
😱 HP[-4]
You take 4 damage, and now have 8/50 hp.
You closely miss the iguana. The iguana bites you.
* * * LOW HITPOINT WARNING * * *
😱 HP[-2]
You take 2 damage, and now have 6/50 hp.
Unknown command.
You hit the iguana but do no damage. The iguana bites you.
You die...

Skill      XL: |  1  2  3  4  5  6  7 |
---------------+----------------------+-----
Axes           | 2 3 4 |  4.1
Armour         | 2 3 |  3.0
Fighting       | 3 |  3.2
Spellcasting   | 3 4 |  4.3
Throwing       | |  0.7
Dodging        | |  2.1

Action                   |  1- 3 |  4- 6 |  7- 9 || total
-------------------------+-------+-------+-------++-------
Melee: Hand axe          |   126 |   331 |    97 ||   554
       Punch             |       |     5 |       ||     5
Throw: Boomerang         |       |     3 |       ||     3
 Cast: Blink             |     1 |       |       ||     1
  Use: Scroll            |     3 |     4 |    10 ||    17
       Potion            |       |     6 |       ||     6
Armor: Leather armour    |    61 |    89 |    53 ||   203
       Skin              |       |    46 |       ||    46
Dodge: Dodged            |    85 |   168 |    81 ||   334

Levels and vault maps discovered:
D:1:      saegor_arrival_simple_c, layout_basic,
          hellmonk_ecumenical_altar_arch_garden
D:2:      layout_basic
D:3:      layout_loops_cross, portal_sewer_entry_a, uniq_robin
D:4:      layout_loops_ring
D:5:      layout_cave_pools

Notes
Turn   | Place    | Note
-------+----------+-------------------------------------------
     0 | D:1      | ytrimaz the Djinni Warper began the quest for the Orb.
     0 | D:1      | ytrimaz set off with the following spells memorised: Blink,
                  | Lesser Beckoning, Vhi's Electric Charge, Teleport Other,
                  | Manifold Assault.
     0 | D:1      | Reached XP level 1. HP: 18/18 MP: 0/0
     0 | D:1      | magus.rc [v1.9.6]
    35 | D:1      | Found a faded altar of an unknown god.
   172 | D:1      | Reached XP level 2. HP: 13/23 MP: 0/0
   622 | D:1      | Reached XP level 3. HP: 28/29 MP: 0/0
   622 | D:1      | Learned a level 1 spell: Summon Small Mammal
   983 | D:2      | Reached skill level 2 in Axes
  1152 | D:2      | Reached XP level 4. HP: 32/34 MP: 0/0
  1218 | D:2      | Reached skill level 2 in Armour
  1740 | D:3      | Noticed a scorpion
  1763 | D:3      | Killed a scorpion
  1764 | D:3      | Reached skill level 3 in Fighting
  1764 | D:3      | Reached skill level 3 in Spellcasting
  1764 | D:3      | Reached XP level 5. HP: 22/40 MP: 0/0
  1764 | D:3      | Learned a level 2 spell: Scorch
  1764 | D:3      | Noticed Robin
  1807 | D:3      | Killed Robin
  1904 | D:3      | Reached XP level 6. HP: 32/46 MP: 0/0
  1948 | D:3      | Found a glowing drain.
  1983 | Sewer    | Entered a sewer
  1994 | Sewer    | HP: 9/46 [river rat (6)]
  1996 | Sewer    | HP: 3/46 [river rat (6)]
  2000 | Sewer    | Reached skill level 3 in Armour
  2625 | Sewer    | Reached skill level 3 in Axes
  2732 | Sewer    | HP: 11/46 [kobold brigand/+0 club (5)]
  2751 | Sewer    | HP: 7/46 [kobold brigand/+0 short sword (6)]
  2753 | Sewer    | HP: 1/46 [kobold brigand/+0 short sword (4)]
  2756 | Sewer    | Reached XP level 7. HP: 2/50 MP: 0/0
  2756 | Sewer    | Learned a level 3 spell: Confusing Touch
  3293 | D:3      | Identified a scroll of acquirement
  3419 | D:4      | Acquired the ring "Jaefuck" {Wiz rCorr Dex+5}
  3659 | D:4      | Reached skill level 4 in Spellcasting
  4080 | D:5      | Entered Level 5 of the Dungeon
  4108 | D:4      | Reached skill level 4 in Axes
  4257 | D:4      | HP: 11/50 [iguana (9)]
  4262 | D:4      | HP: 6/50 [iguana (3)]
  4263 | D:4      | Slain by an iguana

Vanquished Creatures
  A black bear (D:4)
  2 kobold brigands (Sewer)
  A scorpion (D:3)
  A hound (D:4)
  An orc priest (D:4)
  An iguana (D:5)
  Robin (D:3)
  6 adders
  3 river rats
  2 worms
  2 dart slugs (D:2)
  9 orcs
  9 ball pythons
  14 endoplasms
  6 giant cockroaches
  16 goblins
  9 hobgoblins
  7 jackals
  9 kobolds
  2 quokkas
  5 bats
  4 frilled lizards
  5 rats
116 creatures vanquished.

Table legend:
 A = Non-vault XP
 B = Vault XP
 C = Vault XP percentage of total XP
 D = Non-vault monster count
 E = Vault monster count
 F = Vault count percentage of total count
                 A         B        C        D         E       F
            +---------+---------+-------+---------+---------+-------
      Total |     539 |     339 |  38.6 |      80 |      36 |  31.0
            +---------+---------+-------+---------+---------+-------
        D:1 |      34 |       0 |   0.0 |      20 |       0 |   0.0
        D:2 |      37 |       0 |   0.0 |      18 |       0 |   0.0
        D:3 |     164 |      59 |  26.5 |      26 |      19 |  42.2
        D:4 |     265 |       0 |   0.0 |      15 |       0 |   0.0
        D:5 |      39 |       0 |   0.0 |       1 |       0 |   0.0
      Sewer |       0 |     280 | 100.0 |       0 |      17 | 100.0
            +---------+---------+-------+---------+---------+-------

Illustrated notes

Table legend:
 A = Kills in this place as a percentage of kills in entire the game.
 B = Kills by you in this place as a percentage of kills by you in the entire game.
 C = Kills by friends in this place as a percentage of kills by friends in the entire game.
 D = Other kills in this place as a percentage of other kills in the entire game.
 E = Experience gained in this place as a percentage of experience gained in the entire game.
 F = Experience gained in this place divided by the number of levels of this place that you have seen.
                   A       B       C       D       E      F
               +-------+-------+-------+-------+-------+----------------------
         Total | 100.0 | 100.0 |   N/A |   N/A | 100.0 | 146.3
       Dungeon |  85.3 |  85.3 |   N/A |   N/A |  68.1 | 119.6
         Sewer |  14.7 |  14.7 |   N/A |   N/A |  31.9 | 280.0
               +-------+-------+-------+-------+-------+----------------------

Table legend: (Time is in decaauts)
 A = Elapsed time spent in this place.
 B = Non-inter-level travel time spent in this place.
 C = Inter-level travel time spent in this place.
 D = Time resting spent in this place.
 E = Time spent auto-exploring this place.
 F = Levels seen in this place.
 G = Mean time per level.
                   A        B        C        D        E       F      G
               +--------+--------+--------+--------+--------+-----+--------+
         Total |   4338 |   4242 |     96 |    452 |   2574 |   6 |  723.0 |
       Dungeon |   3326 |   3230 |     96 |    206 |   2042 |   5 |  665.2 |
         Sewer |   1012 |   1012 |      0 |    246 |    532 |   1 | 1012.0 |
               +--------+--------+--------+--------+--------+-----+--------+

Top non-repeatable levels by time:
     D:3: 1087 daAuts
   Sewer: 1012 daAuts
     D:1: 844 daAuts
     D:4: 809 daAuts
     D:2: 538 daAuts
     D:5: 47 daAuts
